[Event "17th Paracin Open 2024"]
[Site "Paracin"]
[Date "2024.07.04"]
[Round "2.1"]
[White "Khripachenko, Alexander"]
[Black "Safarli, Eltaj"]
[Result "1/2-1/2"]
[ECO "B72"]
[WhiteElo "2346"]
[BlackElo "2595"]
[Annotator "TA"]
[PlyCount "56"]
[EventDate "2024.07.02"]
[EventType "swiss"]
[EventCountry "SRB"]
[SourceTitle "playchess.com"]
[Source "ChessBase"]
[SourceQuality "1"]
[TimeControl "5400+30"]

1. e4 c5 2. Nf3 d6 3. d4 cxd4 4. Nxd4 Nf6 5. Nc3 g6 6. Be3 Nc6 7. f3 {[%emt 0:00:57] Inhibits Ng4.} h5 8. Bc4 Bd7 {[%emt 0:00:23] White is slightly better.} 9. Qe2 Bh6 (9... Bg7 $14) 10. Nxc6 $16 Bxc6 11. Bxh6 Rxh6 12. O-O-O Qa5 13. f4 Nd7 14. Rhe1 h4 (14... Rh7 $16 15. e5 dxe5) 15. e5 $18 dxe5 16. fxe5 e6 17. Bb5 Rh5 18. Bxc6 bxc6 {[%emt 0:00:05] [#]} 19. Qf3 $1 {[%emt 0:05:08][%cal Od1d7] Threatens to win with Rxd7!} Rd8 20. Qxc6 {[%emt 0:13:25] aiming for Ne4.} Rxe5 21. Rxe5 Qxe5 22. Ne4 {[%emt 0:02:00] White is more active.} Kf8 23. Kb1 ({But not} 23. Rxd7 $6 Rxd7 24. Qxd7 Qxe4 25. Qd6+ Kg7 $15) (23. a4 $14) 23... Rb8 24. b3 (24. Rxd7 $2 Qxb2#) 24... Nb6 {[%emt 0:00:00][%cal Ob6d5] [#]} 25. Nc5 ({White should play} 25. Nf6 $1 $16 {[%cal Oc6b6] And now Qxb6! would win.} Qxh2 (25... Qxf6 26. Qd6+ Kg7 27. Qxb8 $14) 26. Qc5+ Kg7 27. Qg5) 25... Qxh2 26. Nxe6+ fxe6 {[%emt 0:00:00] The position is equal.} 27. Rf1+ Kg7 $1 {[%emt 0:00:00] Strongly threatening ...Qe5.} 28. Qc3+ Kh6 {[%emt 0:00:00] Black escapes into a draw.   Weighted Error Value: White=0.13 (very precise) /Black=0.16 (very precise) .  Mistake:       	White=2     	Black=2      Inaccurate:     	White=2     	Black=3      OK:         	White=12    	Black=7      Best:        	White=1     	Black=2      Strong:       	---       	Black=1} 1/2-1/2

[Event "17th Paracin Open 2024"]
[Site "Paracin"]
[Date "2024.07.04"]
[Round "2.2"]
[White "Fier, Alexandr"]
[Black "Palczert, Matyas"]
[Result "1-0"]
[ECO "C77"]
[WhiteElo "2602"]
[BlackElo "2346"]
[Annotator "TA"]
[PlyCount "57"]
[EventDate "2024.07.02"]
[EventType "swiss"]
[EventCountry "SRB"]
[SourceTitle "playchess.com"]
[Source "ChessBase"]
[SourceQuality "1"]
[TimeControl "5400+30"]

1. e4 e5 2. Nf3 Nc6 3. Bb5 a6 4. Ba4 Nf6 5. Nc3 b5 6. Bb3 Bc5 7. a4 b4 8. Nd5 Nxd5 (8... Nxe4 9. d4 Bxd4 (9... exd4 10. O-O $18) (9... Nxd4 $2 10. Nxd4 O-O 11. Nf5 $18) 10. Nxd4 Nxd4 11. Qg4 $16) 9. Bxd5 {[%emt 0:00:32] White is slightly better.} Qe7 10. O-O Bb7 11. c3 O-O (11... Na5 $142) 12. d4 $16 exd4 13. cxd4 Ba7 (13... Bb6 $16) 14. Bg5 $18 Qd6 15. a5 ({Better is} 15. Nh4 {Threatens to win with Nf5.} Kh8 (15... Bxd4 $2 16. Nf5 $18) 16. Nf5) 15... Nd8 $16 16. Bxb7 (16. Nh4 {seems wilder.} Bxd5 17. Nf5 Qe6 18. Ne7+) 16... Nxb7 17. Qd2 c5 18. d5 $36 {[%emt 0:00:32][%mdl 2048] White is more active.} Qc7 $2 {[%emt 0:04:06] [#] This move loses the game for Black.} (18... f6 $14 19. Bf4 Qe7) 19. e5 $18 Kh8 $2 (19... c4 {was worth a try.} 20. Be7 (20. Qxb4 d6 $18) 20... Nc5 21. Bxf8 (21. Qxb4 Nd3 $14) 21... Rxf8) 20. Be7 Nxa5 $2 (20... Rae8 21. Bxf8 Rxf8) 21. Qd3 c4 22. Qf5 Bc5 (22... h6 $142 23. Bxb4 Bb6 24. Bxf8 Rxf8) 23. d6 {[%emt 0:00:39][%cal Of3g5] [#] White threatens Ng5! and mate.} Qb6 24. Ng5 g6 25. Nxf7+ Kg8 26. Nh6+ (26. Qxd7 $2 {too greedy.} Rxf7 27. e6 Rg7 28. Rxa5 Qxa5 $19) 26... Kg7 27. Bf6+ Rxf6 28. exf6+ (28. Qxf6+ Kxh6 29. Qh4+ Kg7 $16) 28... Kxh6 29. Qe4 {[%emt 0:00:29] Weighted Error Value: White=0.25 (precise) /Black=0.49.  Mistake:       	White=1     	Black=6      Inaccurate:     	White=1     	Black=2      OK:         	White=9     	Black=3} 1-0

[Event "17th Paracin Open 2024"]
[Site "Paracin"]
[Date "2024.07.04"]
[Round "2.3"]
[White "Filip, Andrei"]
[Black "Sasikiran, Krishnan"]
[Result "1/2-1/2"]
[ECO "B96"]
[WhiteElo "2280"]
[BlackElo "2581"]
[Annotator "TA"]
[PlyCount "61"]
[EventDate "2024.07.02"]
[EventType "swiss"]
[EventCountry "SRB"]
[SourceTitle "playchess.com"]
[Source "ChessBase"]
[SourceQuality "1"]
[TimeControl "5400+30"]

1. e4 c5 2. Nf3 d6 3. d4 cxd4 4. Nxd4 Nf6 5. Nc3 a6 6. Bg5 Nbd7 7. Qe2 Qc7 8. O-O-O e6 9. f4 b5 10. a3 Be7 11. g4 Rb8 12. Bg2 {[%emt 0:04:55] White is slightly better.} h6 13. Bh4 g5 14. e5 dxe5 15. fxe5 gxh4 (15... Nxe5 $2 16. Bg3 Nfxg4 17. Nc6 $18) 16. exf6 Nxf6 ({Black should play} 16... Bxf6 $14 17. Nxe6 Qe5 18. Qxe5 (18. Nc7+ Kf8 $15) 18... Nxe5 (18... Bxe5 19. Nd4 $16)) 17. Nc6 $16 h3 18. Bf3 {[%emt 0:02:22][%cal Oh1f1] White is much more active.} Bb7 19. Nxb8 Qf4+ 20. Kb1 Bxf3 {[%emt 0:06:38] A strong pair of Bishops.} (20... Qxb8 $2 21. Rd3 $18) 21. Rdf1 $1 {[%emt 0:00:09] Some like it hot} Bxe2 (21... Qxb8 $2 22. Rxf3 (22. Qxf3 b4 $18) 22... Nxg4 23. Re1 $18 (23. Rxh3 Ne5 $18)) 22. Rxf4 Bxg4 23. Nc6 (23. Nxa6 $16 {Strongly threatening Nc7+.} e5 24. Rff1) 23... h5 24. Rhf1 {[%emt 0:02:33][%cal Oc6e7] And now Nxe7! would win.} Rh6 25. Nxe7 Kxe7 26. a4 Rg6 (26... e5 $2 27. Rxf6 Rxf6 28. Nd5+ Ke6 29. Nxf6 $18) 27. axb5 axb5 28. Re1 (28. Nxb5 $2 Be2 29. Rxf6 Rxf6 30. Rxf6 Kxf6 $19) 28... Rg5 {[%emt 0:03:21] [#]} (28... b4 $1 $11 29. Rxb4 Bf5) 29. Ref1 $2 (29. Rxf6 $1 $16 Kxf6 30. Ne4+ Kg6 31. Nxg5 Kxg5 32. b3 (32. Re5+ $2 Kf4 $19)) 29... Rg6 (29... Bf5 $15 30. Nxb5 Ne4 (30... Ng4 31. Nd4 $17)) 30. Re1 {[%emt 0:01:11][%mdl 1024] White has compensation.} (30. Nxb5 $2 {too greedy.} Be2 31. Rxf6 Rxf6 32. Rxf6 Kxf6 $19) 30... Rg5 $2 {[%emt 0:00:17] [#]} (30... b4 $11 31. Rxb4 Bf5) 31. Ref1 $2 {[%emt 0:02:25] Weighted Error Value: White=0.21 (precise) /Black=0.30.  Mistake:       	White=3     	Black=4      Inaccurate:     	White=2     	Black=2      OK:         	White=12    	Black=9      Best:        	White=2     	Black=2      Strong:       	White=1     	---} (31. Rxf6 $1 $16 Kxf6 32. Ne4+ Kg6 33. Nxg5 Kxg5 34. b3 (34. Re5+ $2 Kf4 $19)) 1/2-1/2

[Event "17th Paracin Open 2024"]
[Site "Paracin"]
[Date "2024.07.04"]
[Round "2.4"]
[White "Albers, Sasa"]
[Black "Antal, Gergely"]
[Result "1/2-1/2"]
[ECO "B11"]
[WhiteElo "2309"]
[BlackElo "2580"]
[Annotator "TA"]
[PlyCount "62"]
[EventDate "2024.07.02"]
[EventType "swiss"]
[EventCountry "SRB"]
[SourceTitle "playchess.com"]
[Source "ChessBase"]
[SourceQuality "1"]
[TimeControl "5400+30"]

1. e4 c6 2. Nf3 d5 3. Nc3 dxe4 4. Nxe4 Nf6 5. Qe2 Na6 6. d3 Nxe4 7. dxe4 e5 {[%emt 0:00:58] Inhibits Bf4.} 8. Qd2 Bb4 9. c3 $1 Bd6 10. Bxa6 bxa6 11. Qg5 Qxg5 12. Bxg5 f6 13. Be3 Be6 14. b3 a5 15. Nd2 g5 (15... Bc7 $11) 16. Nc4 $14 Bxc4 17. bxc4 Rb8 {[%emt 0:02:42] Inhibits Rb1.} 18. O-O Kd7 19. Rfb1 {[%emt 0:09:05] Against Rb2} a4 20. Kf1 (20. Bxa7 Rxb1+ 21. Rxb1 c5 $11) 20... a5 21. Ke2 h5 22. Kd3 g4 23. Kc2 h4 (23... Ke6 $5 ) 24. Rxb8 Bxb8 {[%emt 0:00:02][%mdl 4096] Endgame. KRB-KRB} 25. Rb1 {[%emt 0:01:38] With the idea Rb7+.} Bc7 26. Rb7 {[%emt 0:02:57] [#] Bb6 would now be deadly.} Kc8 27. Ra7 Kb8 {[%emt 0:04:30] Repels Ra8+. The position is equal.} 28. Ra6 Kb7 29. Ra7+ Kb8 30. Ra6 Kb7 31. Ra7+ Kb8 {[%emt 0:00:08] Weighted Error Value: White=0.12 (very precise) /Black=0.06 (flawless) .  Mistake:       	---       	Black=1      Inaccurate:     	White=5     	Black=1      OK:         	White=7     	Black=11     Best:        	---       	Black=3      Strong:       	White=1     	---} 1/2-1/2

[Event "17th Paracin Open 2024"]
[Site "Paracin"]
[Date "2024.07.04"]
[Round "2.5"]
[White "Narayanan, Srinath"]
[Black "Atakisi, Umut"]
[Result "1-0"]
[ECO "B45"]
[WhiteElo "2533"]
[BlackElo "2335"]
[Annotator "TA"]
[PlyCount "99"]
[EventDate "2024.07.02"]
[EventType "swiss"]
[EventCountry "SRB"]
[SourceTitle "playchess.com"]
[Source "ChessBase"]
[SourceQuality "1"]
[TimeControl "5400+30"]

1. e4 c5 2. Nf3 e6 3. d4 cxd4 4. Nxd4 Nf6 5. Nc3 Nc6 6. a3 Be7 7. Be2 O-O 8. Be3 d6 9. Qd3 Bd7 {[%emt 0:19:01] The position is equal.} 10. f4 e5 11. Nxc6 bxc6 12. O-O exf4 13. Bxf4 Bg4 14. Kh1 Bxe2 15. Qxe2 Qb6 16. e5 dxe5 (16... Qxb2 $2 17. exf6 Bxf6 18. Ne4 $18) 17. Bxe5 Rae8 (17... Qxb2 $2 18. Rfb1 $18) 18. Qd3 {[%emt 0:07:09] Inhibits Bd6.} Bd8 (18... Qxb2 $2 19. Rfb1 $18) 19. Bd4 Qc7 (19... Qxb2 $2 {perishes.} 20. Rfb1 $18 (20. Bxa7 Qb7 $11) (20. Bxa7 Qb7 $11)) 20. Qf3 Re6 21. Ne2 c5 22. Bc3 Qc6 {[%emt 0:00:05] [#] Hoping for ...Qxf3.} 23. Nf4 Qxf3 24. Rxf3 Re4 25. Rd1 Rfe8 26. Bxf6 Bxf6 27. b3 Bg5 28. Nd5 (28. g3 $11 {remains equal.}) 28... c4 (28... Re1+ $17 29. Rf1 Rxf1+ 30. Rxf1 Re2) 29. g3 $11 Re1+ 30. Rxe1 Rxe1+ {[%emt 0:00:02][%mdl 4096] Endgame. KRB-KRN} 31. Kg2 cxb3 32. cxb3 Rd1 33. Nc3 Rd2+ 34. Rf2 Rd3 35. Rf3 Rd2+ (35... Be3 $5 36. Nd5 Rd2+ 37. Kf1 Bc5 $17 (37... Rxd5 38. Rxe3 g5 39. Ke2 $14)) 36. Kh1 g6 37. Ne4 Rd1+ 38. Kg2 Be7 39. b4 f5 40. Nf2 Rd5 41. Rd3 Rxd3 42. Nxd3 {[%emt 0:00:01] KB-KN} Kf7 43. Ne5+ $1 Ke6 44. Nc6 Bf8 45. Nxa7 Kd5 46. Kf3 Kc4 47. Nc6 Kb3 $2 (47... Kb5 $11 48. Nd4+ Ka4) 48. b5 $18 {[%emt 0:02:36] White is clearly winning.} Bc5 {[%emt 0:00:07] Dodges b6} 49. Ne5 (49. Nb8 $142 Bxa3 50. b6) 49... Ka4 {[%emt 0:04:32] [#]} 50. Nd7 $1 {[%emt 0:00:13] Weighted Error Value: White=0.26 (precise) /Black=0.10 (very precise) .  Loses game:     	---       	Black=1      Mistake:       	White=1     	Black=1      Inaccurate:     	---       	Black=2      OK:         	White=13    	Black=23     Best:        	White=3     	---        Strong:       	White=1     	---} 1-0

[Event "17th Paracin Open 2024"]
[Site "Paracin"]
[Date "2024.07.04"]
[Round "2.6"]
[White "Novikov, Stanislav"]
[Black "Bashirli, Nail"]
[Result "0-1"]
[ECO "B80"]
[WhiteElo "2528"]
[BlackElo "2327"]
[Annotator "TA"]
[PlyCount "88"]
[EventDate "2024.07.02"]
[EventType "swiss"]
[EventCountry "SRB"]
[SourceTitle "playchess.com"]
[Source "ChessBase"]
[SourceQuality "1"]
[TimeControl "5400+30"]

1. e4 c5 2. Nf3 d6 3. d4 cxd4 4. Nxd4 Nf6 5. Nc3 e6 6. Be3 Nc6 7. f3 a6 8. Qd2 Be7 9. O-O-O Nxd4 10. Bxd4 O-O 11. g4 b5 12. Kb1 b4 {[%emt 0:14:02] B80: Sicilian Scheveningen: 6 g3 and 6 Be3, including English Attack.} 13. Ne2 e5 14. Be3 Be6 15. g5 Nd7 16. f4 Nc5 17. Bg2 (17. Qxb4 Rb8 18. Qe1 Qc7 $15 (18... Nxe4 19. Bg2 $15)) 17... Qa5 18. Nc1 exf4 19. Bxf4 Rac8 20. h4 Rfd8 $146 ({Predecessor:} 20... f5 21. exf5 Bxf5 22. Rde1 Ne6 23. Be4 Nxf4 24. Qxf4 Rc4 25. Nd3 Qb5 26. g6 Bxe4 27. gxh7+ Bxh7 28. Qe3 Bf6 29. h5 Rxc2 {0-1 Waitzkin,J (2320)-Kraai,J (2290) New York op 1991}) 21. h5 Bg4 (21... Qb5 $1 $11) 22. Rdf1 Ne6 23. g6 $1 Bxh5 24. Nb3 ({White should try} 24. gxf7+ $1 $16 Bxf7 25. Bh3) 24... Qb5 $11 25. gxh7+ Kh8 $1 26. Be3 (26. Bh3 $1 $11 {remains equal.} Nxf4 27. Bxc8 (27. Rxf4 Bg5 $15) (27. Nd4 Qc5 $11) 27... Rxc8 28. Qxf4 (28. Nd4 Qc5 $11)) 26... Bg6 $1 $17 (26... Kxh7 $2 27. Rf5 $18 (27. Rxf7 Bf6 $18)) 27. Nd4 Qc4 ({Black should play} 27... Nxd4 $17 28. Bxd4 Bg5) 28. Nxe6 fxe6 29. Bd4 (29. Rc1 $11 {keeps the balance.}) 29... e5 $1 $17 30. Bb6 Rf8 31. Rxf8+ Rxf8 32. b3 (32. Qd3 $15 Qc6 33. Be3) 32... Qc6 $1 $17 33. Ba5 (33. Qxb4 $2 Rb8 (33... Bxh7 34. Bf1 $16) 34. Bf3 Qxb6 $19 (34... Rxb6 $2 35. Qd2 $19)) 33... Bxe4 (33... Bxh7 34. Bxb4 (34. Qxb4 Rf2 $11) 34... Kg8 35. Qe3 $14) 34. Bxe4 Qxe4 35. Re1 Qf4 (35... Qxh7 $6 36. Bxb4 Qh4 37. a3 $14) 36. Qd3 $2 {[%emt 0:00:38] [#]} (36. Qd5 $17 {was called for.}) 36... e4 $1 $19 37. Qxa6 (37. Qe2 $142) 37... Qd2 $19 (37... Kxh7 38. Bxb4 Rf7 39. a4 $16) 38. Rc1 (38. Qe2 {was forced.} Qc3 (38... Qxe2 $2 39. Rxe2 Rf1+ 40. Kb2 $19) 39. Bxb4 (39. Qxe4 $2 Bf6 $19) 39... Qxb4 40. Qxe4 Qxe4 41. Rxe4 Rf1+ 42. Kb2 Bf6+ 43. Ka3) 38... Bg5 (38... Kxh7 $2 39. Qb7 Bg5 40. Qxe4+ (40. Bxb4 $2 Qxc1#) 40... Kg8 41. Rh1 $18 (41. Bxb4 $2 Qxc1#)) 39. Rg1 Qe3 $2 (39... Kxh7 40. Qc4 d5 41. Qxb4 Qxb4 42. Bxb4 $11) (39... Bf6 $19 {[%cal Od2c3] ( -> ...Qc3!)} 40. Qc4 Qc3 (40... Kxh7 $2 41. Rh1+ Kg6 42. Qxe4+ Kf7 43. Bxb4 $18) 41. Qxc3 Bxc3) 40. Rd1 $2 (40. Bb6 $11 Qd2 41. Qc4) 40... Qc3 $19 41. Qc4 Qxc4 $2 (41... Kxh7 $2 42. Qxe4+ g6 43. Bxb4 $18) (41... Bf6 42. Qxc3 Bxc3 43. Bxb4 Bxb4) 42. bxc4 $19 {[%emt 0:00:01] [#]} e3 $1 (42... Kxh7 43. c3 $17 (43. Bxb4 $2 e3 $19)) 43. Bxb4 $2 (43. Re1 {was the only defense.}) 43... Bh4 ({Not} 43... Kxh7 44. Bxd6 Rf6 45. Bb4 $17) 44. Rd3 $2 (44. Rh1 Bg3 45. a3) 44... Rb8 (44... Kxh7 45. Rxe3 (45. Bxd6 $2 {perishes.} e2 $19) 45... Rb8 46. c3 $16) 0-1

[Event "17th Paracin Open 2024"]
[Site "Paracin"]
[Date "2024.07.04"]
[Round "2.7"]
[White "Aditya Varun Gampa"]
[Black "Fernandez, Daniel Howard"]
[Result "0-1"]
[ECO "D78"]
[WhiteElo "2277"]
[BlackElo "2526"]
[Annotator "TA"]
[PlyCount "121"]
[EventDate "2024.07.02"]
[EventType "swiss"]
[EventCountry "SRB"]
[SourceTitle "playchess.com"]
[Source "ChessBase"]
[SourceQuality "1"]
[TimeControl "5400+30"]

1. Nf3 Nf6 2. c4 c6 3. d4 d5 4. Nbd2 g6 5. g3 Bg7 6. Bg2 O-O 7. O-O a5 8. b3 Bf5 9. Nh4 {[%emt 0:06:52] D78: Fianchetto Grünfeld: 6 0-0 c6.} Ne4 (9... Be6 $11) 10. Nxf5 $14 gxf5 11. e3 e6 $146 ({Predecessor:} 11... Nd7 12. a4 e6 13. Nf3 Re8 14. Bb2 Qb6 15. Rb1 Rac8 16. Ne1 Qa6 17. Rc1 dxc4 18. Rxc4 {1-0 Ghosh,D (2544)-Robson,R (2667) PRO League Stage rapid 2019 (7)}) 12. Ba3 Re8 13. f3 Nxd2 14. Qxd2 a4 15. Rfd1 Nd7 16. e4 (16. Bf1 $14) 16... fxe4 17. fxe4 axb3 18. axb3 dxc4 19. bxc4 c5 20. Bb2 $1 Nb6 21. Qe2 (21. dxc5 $2 Qxd2 (21... Nxc4 22. Qc1 $11) 22. Rxd2 Nxc4 (22... Rxa1+ 23. Bxa1 Nxc4 24. Rc2 $17) (22... Bxb2 23. Rxa8 Rxa8 24. cxb6 $11) 23. Rxa8 Rxa8 24. Bxg7 Nxd2 $19) 21... Rxa1 (21... Bxd4+ 22. Bxd4 cxd4 23. Rxa8 Qxa8 24. e5 $11 (24. Rxd4 Qa1+ 25. Rd1 Qe5 $15)) 22. Bxa1 cxd4 23. c5 Nd7 24. Bxd4 ({White should play} 24. e5 $1 $11) 24... Bxd4+ $15 25. Rxd4 Qc7 26. Qb5 Re7 (26... Qxc5 $2 {perishes.} 27. Qxd7 Ra8 28. Qd6 Ra1+ 29. Bf1 Qxd6 30. Rxd6 $18) 27. Rc4 (27. c6 $15 Qe5 (27... bxc6 28. Qg5+ Kf8 29. Qh6+ Ke8 30. Rd1 $15) 28. Qxe5 Nxe5 29. cxb7 Rxb7 30. Ra4) 27... Ne5 $17 28. Rc1 Qd8 29. Qb2 {[%emt 0:02:55] [#]} Nd3 $1 30. Rd1 Rd7 31. Qb5 Rd4 (31... Ne5 {simplifies} 32. Rxd7 Qxd7 33. Qxd7 Nxd7 34. e5 Nxc5 35. Kf2 b5) 32. e5 Nxe5 33. Rf1 Rd1 34. Qb2 (34. h3 $17 {was worth a try.}) 34... Rxf1+ $19 35. Bxf1 Qd5 36. Qb4 Nd7 37. Qg4+ Kf8 38. h4 $2 (38. Qh4) 38... Qxc5+ $19 ({Not} 38... Nxc5 39. Qb4 $19) 39. Kh2 b5 40. Qd1 Nf6 41. Qd8+ Kg7 42. Qa5 Ne4 (42... Qf2+ $142 43. Bg2 Qc5 (43... Ng4+ $2 44. Kh3 $19)) 43. Qa1+ (43. Qe1 $142 Nf6 44. Kh1) 43... Qc3 $19 44. Qxc3+ Nxc3 45. Kg2 b4 46. Bc4 Ne4 47. Bd3 f5 48. Kf3 b3 49. g4 Nc5 50. Bb1 fxg4+ 51. Kxg4 Na4 52. Kf4 Nc3 53. Bd3 b2 54. Ke5 b1=Q 55. Bxb1 Nxb1 56. Kxe6 Kg6 57. h5+ Kxh5 58. Kf5 Nd2 59. Kf4 Kh4 60. Ke3 Kg3 61. Kxd2 0-1

[Event "17th Paracin Open 2024"]
[Site "Paracin"]
[Date "2024.07.04"]
[Round "2.8"]
[White "Mardov, Dimitar"]
[Black "Bicer, Atakan Mert"]
[Result "1-0"]
[ECO "E87"]
[WhiteElo "2484"]
[BlackElo "2313"]
[Annotator "TA"]
[PlyCount "75"]
[EventDate "2024.07.02"]
[EventType "swiss"]
[EventCountry "SRB"]
[SourceTitle "playchess.com"]
[Source "ChessBase"]
[SourceQuality "1"]
[TimeControl "5400+30"]

1. d4 Nf6 2. c4 g6 3. Nc3 Bg7 4. e4 d6 5. Bd3 O-O 6. Nge2 e5 7. d5 a5 8. O-O Na6 9. f3 Nc5 10. Be3 (10. Bc2 $14) 10... Ne8 11. Bc2 Qe7 12. a3 f5 {[%emt 0:09:51] White is better.} 13. exf5 gxf5 14. f4 {[%emt 0:02:41] White is more active.} (14. b4 $16 Nd7 15. Qd2) 14... Nf6 15. h3 {[%emt 0:03:14] Inhibits Ng4. Strongly threatening fxe5.} Nh5 16. Qd2 Bd7 17. Rad1 Rae8 {[%emt 0:05:56] [#]} (17... e4 $11) 18. fxe5 $1 $16 Bxe5 19. Bg5 Qf7 20. Rf3 ({Better is} 20. Bh6 $16) 20... Qg6 $1 $11 21. Rdf1 {[%emt 0:02:17] aiming for g4.} Ng7 (21... a4 $11 {remains equal.}) 22. h4 $16 Ne4 23. Nxe4 fxe4 24. Nf4 (24. Qxa5 $2 exf3 25. Bxg6 fxe2 $19) 24... Bxf4 25. Rxf4 {[%emt 0:00:23][%cal Oc2e4] Black must now prevent Bxe4!} ({Don't play} 25. Bxf4 $6 Nf5 26. Rc3 (26. Rh3 Qg7 $11) 26... Nxh4 $11) 25... Bf5 {[%emt 0:01:13] [#]} 26. g4 {[%emt 0:03:34][%cal Bg2g4,Bg4f5,Bf5f6][%mdl 32] Dodges Nh5} (26. Qxa5 $2 h6 27. Bxh6 Qxh6 $19) 26... e3 {[%emt 0:00:22] Loses the game.} (26... Bxg4 $16 27. Rxg4 Rxf1+ 28. Kxf1 h6) 27. gxf5 $18 Qxg5+ 28. hxg5 exd2 29. f6 $40 {[%emt 0:01:46][%mdl 128] f7+ would now be deadly. White wants a kill.} Re1 30. R4f2 (30. fxg7 $2 {perishes.} Rxf4 31. Kh2 Rfxf1 $19 (31... Rexf1 $2 32. Kg3 $19)) 30... Nh5 {[%emt 0:03:26] Threatens to win with ...Ng3.} 31. Rxd2 Rxf1+ 32. Kxf1 {[%emt 0:00:03][%mdl 4096] Endgame. KRB-KRN} b5 $2 (32... h6 33. Rh2 (33. gxh6 Rxf6+ 34. Ke2 Rxh6 $11) 33... Nxf6 34. gxf6 Rxf6+ 35. Ke2 Kf8) 33. Rh2 {[%emt 0:00:34] White is clearly winning.} Nxf6 34. gxf6 Rxf6+ 35. Ke2 bxc4 36. Rxh7 Rf4 37. Rxc7 Rd4 38. Bf5 {[%emt 0:01:07] Weighted Error Value: White=0.14 (very precise) /Black=0.42.  Mistake:       	White=2     	Black=4      Inaccurate:     	White=1     	Black=3      OK:         	White=12    	Black=7      Best:        	White=3     	---        Strong:       	White=1     	Black=1} 1-0

[Event "17th Paracin Open 2024"]
[Site "Paracin"]
[Date "2024.07.04"]
[Round "2.9"]
[White "Gov, Guy"]
[Black "Bhattacharyya Soham"]
[Result "0-1"]
[ECO "B18"]
[WhiteElo "2236"]
[BlackElo "2477"]
[Annotator "RC"]
[PlyCount "110"]
[EventDate "2024.07.02"]
[EventType "swiss"]
[EventCountry "SRB"]
[SourceTitle "playchess.com"]
[Source "ChessBase"]
[SourceQuality "1"]
[TimeControl "5400+30"]

1. e4 c6 2. Nc3 d5 3. d4 dxe4 4. Nxe4 Bf5 5. Ng3 Bg6 6. N1e2 Nf6 7. Nf4 e5 8. Nxg6 hxg6 9. Be3 Qa5+ 10. c3 Nbd7 11. Qb3 exd4 12. Bxd4 Bc5 13. O-O-O O-O 14. Be2 Rad8 15. h4 Bxd4 16. cxd4 c5 17. h5 cxd4 18. hxg6 Qg5+ 19. Kb1 Qxg6+ 20. Bd3 Nc5 21. Bxg6 Nxb3 22. Bc2 Na5 23. Rh3 g6 24. Nf5 d3 25. Bxd3 gxf5 26. Rg3+ Ng4 27. f3 Nc4 28. fxg4 f4 29. Rf3 Ne5 30. Rh3 f3 31. Bh7+ Kg7 32. Rxd8 Rxd8 33. gxf3 Rh8 34. f4 Nc6 35. Rb3 Rxh7 36. Rxb7 Rh4 37. b4 Rxg4 38. b5 Nd4 39. a4 Rxf4 40. Rxa7 Rf3 41. Rd7 Rb3+ 42. Ka2 Rb4 43. Ka3 Nc2+ 44. Ka2 Rxa4+ 45. Kb3 Rd4 46. Rc7 Ne3 47. b6 Nd5 48. b7 Rb4+ 49. Ka3 Rb6 50. Rd7 Nc3 51. Re7 Nb5+ 52. Kb4 Nd6+ 53. Kc5 Rxb7 54. Kxd6 Rxe7 55. Kxe7 f5 0-1